 Dungeon Crawl Stone Soup version 0.21.0-3-g78d12a8bdd (webtiles) character file.

74 Rrauwl the Skirmisher (level 4, -8/37 HPs)
             Began as a Barachi Wanderer on Jan 12, 2018.
             Mangled by an orc
             ... wielding a +0 flail
              (9 damage)
             ... on level 2 of the Dungeon.
             The game lasted 00:07:12 (1870 turns).

Rrauwl the Skirmisher (Barachi Wanderer)            Turns: 1870, Time: 00:07:13

Health: -8/37      AC:  3    Str: 11 (14) XL:     4   Next: 30%
Magic:  2/7        EV: 12    Int: 14 (17) God:
Gold:   47         SH:  0    Dex:  8 (10) Spells: 4/7 levels left

rFire    . . .     SeeInvis .   a - +2 dagger
rCold    . . .     Gourm    .   (no shield)
rNeg     . . .     Faith    .   e - +1 robe
rPois    .         Spirit   .   (no helmet)
rElec    .         Reflect  .   (no cloak)
rCorr    .         Harm     .   (no gloves)
MR       .....                  (no boots)
Stlth    ++........             (no amulet)
HPRegen  0.12/turn              b - +3 ring of intelligence
MPRegen  0.10/turn              (no ring)

@: can't hop, very slightly contaminated, slow
A: +LOS, swims, slowness 1, strong legs 1
a: Hop


You were on level 2 of the Dungeon.
You were very hungry.

You visited 1 branch of the dungeon, and saw 2 of its levels.

You collected 47 gold pieces.

Inventory:

Hand Weapons
 a - a +2 dagger (weapon)
Armour
 e - a +1 robe (worn)
Jewellery
 b - a +3 ring of intelligence (left hand)
Scrolls
 h - a scroll of amnesia
 i - 2 scrolls of identify
 j - a scroll of remove curse
Potions
 m - a potion of cancellation
Books
 c - the Handbook of the Rocks

   Spells                             Type                      Level
   a - Sandblast                      Earth                        1
   b - Stone Arrow                    Conjuration/Earth            3
 d - Xedwiwul's Tome of the Birds

   Spells                             Type                      Level
   a - Swiftness                      Charms/Air                   2
   b - Poisonous Vapours              Poison/Air                   2
Comestibles
 f - 2 rations


   Skills:
 - Level 4.0 Fighting
   Level 1.1 Staves
 - Level 1.0 Throwing
 + Level 1.5 Dodging
 - Level 2.0 Stealth
   Level 1.1 Shields
 - Level 2.0 Spellcasting
 + Level 0.5 Conjurations
   Level 1.2 Summonings
   Level 1.1 Air Magic
 + Level 0.4 Earth Magic


You had 4 spell levels left.
You knew the following spells:

 Your Spells              Type           Power        Failure   Level  Hunger
a - Stone Arrow           Conj/Erth      #.....       52%         3    ####...


Dungeon Overview and Level Annotations

Branches:
Dungeon (2/15)

Altars:


Innate Abilities, Weirdness & Mutations

Shadows flee at your approach. (+LOS)
You can swim through water.
You cover ground slowly.
You can hop short distances.


Message History

You are feeling very hungry.
A worm comes into view.
You see here 2 stones.
The orc throws a stone.
The stone closely misses you.
You see here 2 stones.
The orc throws a stone.
The stone misses you.
The stone hits the worm.
Casting: Stone Arrow
Confirm with . or Enter, or press ? or * to list all spells.
You don't have enough magic to cast that spell.
Hop to where?
Press: ? - help, Dir - move target cursor, p - orc Boing!
The orc hits you with a flail.
* * * LOW HITPOINT WARNING * * *
You hit the orc.
The orc is severely wounded.
The orc misses you.
You barely miss the orc.
The orc is severely wounded.
The orc hits you with a flail!
You die...

#.....# #......
#.#+#.> #.#=###
#.#.... # # ##### #.
#.... ..
#..############ #.##.
...# #..#((...wo@($#
... ....
#..#(########'###
#.#.. ....
#....o..........# #
###
.....#.##.#..........#
.....#.##)#..........#
.....#(..o#..........#
.....(....#..........#
......(##+#..........#
......((.............#


You could see a worm and an orc.

Vanquished Creatures
  2 adders (D:2)
  An ooze (D:1)
  A dart slug (D:1)
  2 leopard geckos (D:1)
  2 orcs (D:2)
  9 bats
  2 giant cockroaches (D:1)
  8 goblins
  3 hobgoblins (D:1)
  4 jackals (D:1)
  2 kobolds (D:1)
  2 frilled lizards
  7 rats (D:1)
45 creatures vanquished.

Notes
Turn   | Place    | Note
-------+----------+-------------------------------------------
     0 | D:1      | Rrauwl the Barachi Wanderer began the quest for the Orb.
     0 | D:1      | Rrauwl set off with: a +2 dagger, a potion of berserk rage, the Handbook of the Rocks, Xedwiwul's Tome of the Birds, a +0 robe, a ration
     0 | D:1      | Reached XP level 1. HP: 17/17 MP: 2/2
     0 | D:1      | Identified the Handbook of the Rocks
     0 | D:1      | Identified Xedwiwul's Tome of the Birds
   331 | D:1      | Reached XP level 2. HP: 20/23 MP: 4/4
   391 | D:1      | Reached skill level 3 in Fighting
   880 | D:1      | Reached XP level 3. HP: 27/29 MP: 6/6
  1316 | D:1      | Reached skill level 4 in Fighting
  1499 | D:2      | Reached skill level 1 in Dodging
  1499 | D:2      | Reached XP level 4. HP: 29/37 MP: 7/7
  1518 | D:2      | Learned a level 3 spell: Stone Arrow
  1868 | D:2      | HP: 1/37 [orc/flail (4)]
  1870 | D:2      | Mangled by an orc

Skill      XL: |  1  2  3 |
---------------+----------+-----
Stealth        | 2 |  2.0
Fighting       | 3 4 |  4.0
Spellcasting   | 2 |  2.0
Dodging        | 1 |  1.5
Staves         | |  1.1
Throwing       | |  1.0
Shields        | |  1.1
Conjurations   | |  0.5
Summonings     | |  1.2
Air Magic      | |  1.1
Earth Magic    | |  0.4

Action                   |  1- 3 |  4- 6 || total
-------------------------+-------+-------++-------
Melee: Dagger            |   139 |    47 ||   186
 Cast: Stone Arrow       |       |     1 ||     1
 Abil: Hop               |       |     1 ||     1
  Use: Scroll            |     5 |     2 ||     7
       Potion            |     2 |     2 ||     4
 Stab: Sleeping          |     5 |       ||     5
  Eat: Chunk             |     2 |     1 ||     3
Armor: Robe              |    30 |    16 ||    46
Dodge: Dodged            |    78 |    53 ||   131
